 Dungeon Crawl Stone Soup version 0.14-a0-3424-g5348755 (webtiles) character file.

201 MirrMurr the Covert (level 5, -1/24 HPs)
             Began as a Spriggan Enchanter on Mar 22, 2014.
             Slain by Grinder (6 damage)
             ... on Level 3 of the Dungeon.
             The game lasted 00:06:52 (2679 turns).

MirrMurr the Covert (Spriggan Enchanter)            Turns: 2679, Time: 00:06:52

HP  -1/24        AC  4     Str  5      XL: 5   Next: 13%
MP   6/14        EV 18     Int 16      God:
Gold 47          SH  0     Dex 17      Spells:  3 memorised,  3 levels left

rFire  + . .     SeeInvis +     a - +1 dagger
rCold  . . .     Clarity  .     b - +1 robe
rNeg   . . .     Conserve .     (shield restricted)
rPois  .         rCorr    .     (helmet restricted)
rElec  .         rRot     .     o - +0 cloak
SustAb . .       Spirit   .     (gloves unavailable)
rMut   .         Warding  .     (boots unavailable)
Saprov . . .     Stasis   .     (no amulet)
MR     .....                    (no ring)
                                f - ring of protection from fire {unknown}

@: very quick, not resistant to hostile enchantments, very stealthy
A: unfitting armour, see invisible, herbivore 3, speed 3, slow metabolism 2
a: no special abilities


You were on level 3 of the Dungeon.
You were very full.

You visited 1 branch of the dungeon, and saw 3 of its levels.

You collected 47 gold pieces.

Inventory:

Hand weapons
 a - a +1,+1 dagger (weapon)
 E - a +1,+0 dagger of venom
Missiles
 d - 12 darts (quivered)
Armour
 b - a +1 robe (worn)
 o - a +0 cloak (worn)
 A - a +0 buckler
Comestibles
 q - a bread ration
 r - a pear
 t - a grape
 w - a lemon
 z - an apple
 B - a honeycomb
Scrolls
 g - a scroll of fear {unknown}
 h - 2 scrolls of teleportation {unknown}
 j - a scroll of noise {unknown}
 k - 3 scrolls of remove curse
 l - 2 scrolls of identify {unknown}
 m - 3 scrolls of magic mapping {unknown}
 n - a scroll of amnesia {unknown}
 s - 3 scrolls of blinking {unknown}
 u - a scroll of enchant weapon II {unknown}
 x - a scroll of enchant armour {unknown}
 D - a scroll of fog {unknown}
Jewellery
 f - a ring of protection from fire (left hand) {unknown}
 y - a +3 ring of protection {unknown}
Potions
 e - a potion of porridge
 i - a potion of agility {unknown}
 p - a potion of curing {unknown}
 v - a potion of heal wounds {unknown}
 C - a potion of paralysis {unknown}
Books
 c - a book of Maledictions

   Spells                             Type                      Level
   *Corona                            Hexes                        1
   Sure Blade                         Hexes/Charms                 2
   *Ensorcelled Hibernation           Hexes/Ice                    2
   *Confuse                           Hexes                        3
   Enslavement                        Hexes                        4
   Invisibility                       Hexes                        6


   Skills:
 - Level 1.1 Short Blades
 - Level 1.1 Throwing
 - Level 3.0 Dodging
 + Level 8.4 Stealth
 - Level 2.6 Spellcasting
 - Level 3.6 Hexes


You had 3 spell levels left.
You knew the following spells:

 Your Spells              Type           Power        Failure   Level  Hunger
a - Ensorcelled Hibernat  Hex/Ice        #.....       17%         2    ##.....
b - Confuse               Hex            ##......     14%         3    ###....
Z - Corona                Hex            ##.....      6%          1    #......


Dungeon Overview and Level Annotations

Branches:
Dungeon (3/15)

Altars:

Annotations:
D:3 Grinder


Innate Abilities, Weirdness & Mutations

You are tiny and cannot use many weapons and most armour.
You have supernaturally acute eyesight.
You are a herbivore.
You cover ground extremely quickly.
You need consume almost no food.


Message History

You catch the helpless goliath beetle completely off-guard!
You puncture the goliath beetle!
The goliath beetle is moderately wounded.
The goliath beetle seems less confused.
You hit the goliath beetle but do no damage.
The goliath beetle is moderately wounded.
The goliath beetle bites you!
Ouch! That really hurt!
* * * LOW HITPOINT WARNING * * *
You see here a scroll labeled NIOVACVIURGH.
D - a scroll labeled NIOVACVIURGH You see here a runed dagger.
E - a runed dagger You see here a goblin corpse.
Found a ring mail.
Your magical contamination has completely faded away.
Grinder comes into view.
Found a stone staircase leading up.
Grinder hits you.
You die...

..# ###.# ###.###.#####.##.#
..######.#######.###.>........#
%B...................# ##.#..#
..###..#.#######.##### #.#..#
..# #..#.# #.# #.#..# ..#
#..#.# #.# #.....##.# #.#
###.####.# #.# # #.# #.# #@# #
# # #..?......5..# #
[.........#### . #########


You could see Grinder.

Vanquished Creatures
  Terence (D:3)
  7 adders
  A goliath beetle zombie (D:3)
  2 worms (D:2)
  2 giant geckos
  An ooze (D:1)
  4 orcs
  8 bats
  5 giant cockroaches
  7 goblins
  5 hobgoblins
  6 jackals (D:2)
  3 giant newts
  2 kobolds (D:1)
  2 quokkas (D:2)
  5 rats (D:1)
61 creatures vanquished.

Notes
Turn   | Place    | Note
--------------------------------------------------------------
     0 | D:1      | MirrMurr, the Spriggan Enchanter, began the quest for the Orb.
     0 | D:1      | Reached XP level 1. HP: 9/9 MP: 4/4
   274 | D:1      | Reached skill level 4 in Stealth
   313 | D:1      | Reached XP level 2. HP: 10/13 MP: 7/7
   317 | D:1      | Learned a level 2 spell: Ensorcelled Hibernation
   854 | D:2      | Reached skill level 5 in Stealth
   980 | D:2      | Reached XP level 3. HP: 16/16 MP: 9/9
   985 | D:2      | Learned a level 3 spell: Confuse
  1162 | D:2      | Reached skill level 6 in Stealth
  1724 | D:2      | Reached XP level 4. HP: 18/21 MP: 12/12
  1768 | D:2      | Reached skill level 7 in Stealth
  2273 | D:3      | Noticed Terence
  2277 | D:3      | Killed Terence
  2277 | D:3      | Reached skill level 8 in Stealth
  2370 | D:3      | Reached XP level 5. HP: 24/24 MP: 14/14
  2672 | D:3      | Noticed Grinder
  2679 | D:3      | Slain by Grinder

Action                   |  1- 3 |  4- 6 || total
-------------------------+-------+-------++-------
Melee: Dagger            |   132 |   120 ||   252
 Cast: Corona            |     4 |       ||     4
       Ensorcelled Hiber |     6 |     9 ||    15
       Confuse           |       |     4 ||     4
  Use: Scroll            |     1 |       ||     1
 Stab: Sleeping          |    15 |    12 ||    27
       Confused          |       |     4 ||     4
       Distracted        |       |     1 ||     1
